Selects Italian Combined Arms Battlegroup
Selects Bersaglieri Squad
Kradschützen Motorcycle Team
Construct Light Support Kompanie
Selects Bersaglieri Bolster
Panzerjäger Mechanized Group
Selects Breda Model 30 Light Machine Guns
Construct Panzerarmee Kommand
Selects Semovente da 75/18 Assault Gun
Pak 38 Anti-tank Gun Team
Selects Carro Armato M13/40 Light Tank
Carro Armato M13/40 Light Tank
Construct Mechanized Kompanie
Marder III Tank Destroyer
Marder III Tank Destroyer